AoeStats
← maimadana

Arabia

509086869Analyzed
1v1 RM · 7d ago on Sep 25, 2026· 75m 39s· 2 players
Game mode
Random Map
Map size
Tiny (2 player)
Population
200
Speed
Normal
Resources
Standard
Victory
Conquest
Starting age
Dark Age
Ending age
Imperial Age
RankedLock teamsTeams togetherTeam positionsShared explorationLock speedFull tech treeHidden civsTurbo modeCheats
Victory
Defeat
🇨🇿 Britons · Czechia
750
+32
🇸🇪 Ethiopians · Sweden
760
-16
maimadana
4:56 Loom
10:38 Feudal Age
11:05 Double-Bit Axe
11:42 Horse Collar
16:33 Gold Mining
17:08 Fletching
24:25 Castle Age
23:52 Padded Archer Armor
25:35 Crossbowman
26:15 Bodkin Arrow
26:36 Leather Archer Armor
26:08 Pikeman
27:02 Heavy Plow
27:14 Bow Saw
27:30 Elite Skirmisher
35:46 Imperial Age
34:04 Gold Shaft Mining
36:23 Arbalester
37:07 Bracer
37:38 Ring Archer Armor
39:55 Two-Man Saw
39:15 Forging
39:11 Scale Barding Armor
39:08 Scale Mail Armor
38:34 Halberdier
41:29 Iron Casting
41:00 Scale Barding Armor
41:13 Chain Mail Armor
44:10 Ballistics
44:50 Chemistry
48:48 Blast Furnace
48:19 Plate Mail Armor
48:54 Blast Furnace
Queen of an Empire
8:43 Loom
11:34 Feudal Age
12:17 Double-Bit Axe
14:13 Wheelbarrow
14:48 Fletching
22:49 Castle Age
20:52 Stone Mining
21:21 Gold Mining
22:02 Horse Collar
22:55 Crossbowman
24:47 Bow Saw
26:07 Hand Cart
33:41 Bodkin Arrow
34:59 Ballistics
34:53 Masonry
40:48 Imperial Age
38:41 Heavy Plow
38:20 Elite Skirmisher
42:52 Two-Man Saw
42:30 Gold Shaft Mining
43:03 Chemistry
44:51 Capped Ram
45:51 Arbalester
49:33 Thumb Ring
51:01 Arson
52:18 Thumb Ring
53:39 Stone Shaft Mining
55:43 Bracer
55:44 Padded Archer Armor
Connection lost

Rejoining the realm…

Still unreachable

The connection could not be restored.

Session expired

The server has moved on; the page needs a fresh start.